 Dungeon Crawl Stone Soup version 0.30-a0-1066-g63dfefce0d (webtiles) character file.

Game seed: 11784898562410725815

54 Arzdou the Trooper (level 3, 0/33 HPs)
             Began as a Hill Orc Fighter on Apr 12, 2023.
             Slain by Sigmund
             ... wielding a +4 scythe of flaming
              (1 damage)
             ... on level 2 of the Dungeon.
             The game lasted 00:04:50 (1073 turns).

Arzdou the Trooper (Hill Orc Fighter)               Turns: 1073, Time: 00:04:50

Health: 0/33       AC: 11    Str: 20    XL:     3   Next: 91%
Magic:  3/3        EV:  9    Int:  8    God:
Gold:   28         SH:  4    Dex: 10    Spells: 2/2 levels left

rFire   . . .      SeeInvis .    a - +1 war axe
rCold   . . .      Faith    .    c - +0 buckler
rNeg    . . .      Spirit   .    b - +0 scale mail
rPois   .          Reflect  .    (no helmet)
rElec   .          Rampage  .    (no cloak)
rCorr   .                        (no gloves)
Will    .....                    (no boots) Stlth
                                 (no amulet)
HPRegen 0.25/turn                l - +4 ring of protection
MPRegen 0.08/turn                (no ring)

@: mighty, silenced, attractive
A: no striking features
a: no special abilities


You were on level 2 of the Dungeon.
You visited 1 branch of the dungeon, and saw 2 of its levels.

You collected 28 gold pieces.

Inventory:

Hand Weapons
 a - a +1 war axe (weapon)
Missiles
 g - 4 boomerangs (quivered)
Armour
 b - a +0 scale mail (worn)
 c - a +0 buckler (worn)
Jewellery
 l - a +4 ring of protection (left hand)
Scrolls
 f - 3 scrolls of brand weapon {unknown}
 k - a scroll of identify {unknown}
Potions
 i - a potion of attraction


   Skills:
 + Level 4.0 Fighting
 * Level 3.9 Axes
 + Level 0.1 Throwing
 + Level 3.8 Armour
 + Level 3.7 Shields


You had 2 spell levels left.
You didn't know any spells.
Your spell library contained the following spells:

 Spells                   Type           Power      Damage    Failure   Level
 Magic Dart               Conj           0%         1d3       85%         1
 Call Imp                 Summ           0%         N/A       94%         2
 Mephitic Cloud           Conj/Pois/Air  0%         N/A       99%         3


Dungeon Overview and Level Annotations

Branches:
Dungeon (2/15)

Altars:

Annotations:
D:2 Sigmund


Message History

Reactivating autopickup.
Sigmund is attracted toward you.
It was a potion of curing.
You feel better.
Sigmund hits you with a +4 scythe of flaming.
* * * LOW HITPOINT WARNING * * *
Sigmund burns you.
* * * LOW HITPOINT WARNING * * *
Sigmund barely misses you. Sigmund is attracted toward you.
Sigmund is attracted toward you. Sigmund attacks as you move away!
Sigmund closely misses you. You block Sigmund's attack.
Sigmund is attracted toward you.
There is a stone staircase leading up here.
You climb upwards.
There is a stone staircase leading down here.
Sigmund points at you and mumbles some strange words.
You are confused.
In your confused state, you trip and fall down the stairs.
* * * LOW HITPOINT WARNING * * *
You climb downwards.
There is a stone staircase leading up here.
You are too confused!
You feel better. Sigmund closely misses you.
Okay, then.
As you read the scroll labelled DEON OFICZE, it crumbles to dust.
It is a scroll of enchant weapon.
Your +0 war axe glows red for a moment.
You block Sigmund's attack.
As you read the scroll labelled DUOL NOEBLITT, it crumbles to dust.
A profound silence engulfs you.
It was a scroll of silence.
Magic scrolls do not work when you're silenced!
You feel very mighty all of a sudden. You block Sigmund's attack.
You closely miss Sigmund.
Sigmund hits you with a +4 scythe of flaming.
Sigmund burns you.
You slash Sigmund!
Sigmund is moderately wounded.
Sigmund hits you with a +4 scythe of flaming!
* * * LOW HITPOINT WARNING * * *
Sigmund burns you.
You die...

#####........#
#.(............# #
#........#
#.######.####### #
#........# #.#
####.######## #
#........# #.#
#...........# #
#........# #.#
#...........# #
#........# #.#
#...........# #
#........# #.#
#...........# #
#############.#
#...........# +
......@@.#
#........(..' #
########.#
#...........#
........###...........#
###...........#########
#.^.........#
#...........#
#...........#
#####.####### #.#


You could see Sigmund.

Vanquished Creatures
  Terence (D:2)
  A dart slug (D:1)
  3 endoplasms (D:1)
  A giant cockroach (D:2)
  2 goblins
  4 hobgoblins (D:1)
  3 ball pythons
  2 bats
  3 frilled lizards
  3 kobolds
  3 rats (D:1)
26 creatures vanquished.

Notes
Turn   | Place    | Note
-------+----------+-------------------------------------------
     0 | D:1      | Arzdou the Hill Orc Fighter began the quest for the Orb.
     0 | D:1      | Reached XP level 1. HP: 19/19 MP: 1/1
   196 | D:1      | Reached XP level 2. HP: 23/27 MP: 2/2
   799 | D:2      | Reached XP level 3. HP: 33/33 MP: 3/3
   985 | D:2      | Noticed Terence
   995 | D:2      | Killed Terence
   996 | D:2      | Reached skill level 4 in Fighting
  1015 | D:2      | Noticed Sigmund
  1073 | D:2      | HP: 1/33 [Sigmund/+4 scythe of flaming (12)]
  1073 | D:2      | Slain by Sigmund

Illustrated notes

Levels and vault maps discovered:
D:1:      dpeg_arrival_pits, layout_basic
D:2:      layout_basic, uniq_terence, uniq_sigmund, uniq_natasha

Skill      XL: |  1  2  3 |
---------------+----------+-----
Axes           | 3 |  3.9
Fighting       | 4 |  4.0
Throwing       | |  0.1
Armour         | |  3.8
Shields        | |  3.7

Action                     || total
---------------------------++-------
  Melee: War axe           ||    69
  Throw: Boomerang         ||    10
    Use: Potion            ||     4
         Scroll            ||     2
 Armour: Scale mail        ||    38
  Dodge: Dodged            ||    45
  Block: Buckler           ||    19

Table legend: (Time is in decaauts)
 A = Elapsed time spent in this place.
 B = Non-inter-level travel time spent in this place.
 C = Inter-level travel time spent in this place.
 D = Time resting spent in this place.
 E = Time spent auto-exploring this place.
 F = Levels seen in this place.
 G = Mean time per level.
                   A        B        C        D        E       F      G
               +--------+--------+--------+--------+--------+-----+--------+
         Total |   1102 |   1042 |     60 |      0 |    770 |   2 |  551.0 |
       Dungeon |   1102 |   1042 |     60 |      0 |    770 |   2 |  551.0 |
               +--------+--------+--------+--------+--------+-----+--------+

Top non-repeatable levels by time:
     D:1: 811 daAuts
     D:2: 291 daAuts
